 Dungeon Crawl Stone Soup version 0.21.0-3-g78d12a8 (webtiles) character file.

1405 mopl the Sneak (level 8, 0/41 HPs)
             Began as a Tengu Enchanter on Jan 11, 2018.
             Killed from afar by Dowan (7 damage)
             ... with a stone arrow
             ... on level 5 of the Dungeon.
             The game lasted 00:12:32 (5593 turns).

mopl the Sneak (Tengu Enchanter)                    Turns: 5593, Time: 00:12:33

Health: 0/41       AC:  2    Str:  8    XL:     8   Next: 70%
Magic:  0/13       EV: 13    Int: 17    God:
Gold:   222        SH:  0    Dex: 16    Spells: 5/13 levels left

rFire    x . .     SeeInvis .   a - +0 dagger (venom)
rCold    + + .     Gourm    .   (no shield)
rNeg     . . .     Faith    .   b - +0 robe
rPois    .         Spirit   .   (helmet restricted)
rElec    .         Reflect  .   (no cloak)
rCorr    .         Harm     .   (no gloves)
MR       .....                  (boots unavailable)
Stlth    ++++......             (no amulet)
HPRegen  0.13/turn              f - ring of ice
MPRegen  0.13/turn              k - ring of protection from cold

@: no status effects
A: beak, talons 3, able to fly 1
a: Fly


You were on level 5 of the Dungeon.
You were hungry.

You visited 1 branch of the dungeon, and saw 5 of its levels.

You collected 222 gold pieces.

Inventory:

Hand Weapons
 a - a +0 dagger of venom (weapon)
 m - a +1 dagger
 n - a +2 short sword of flaming
 u - the +9 whip "Gejeas" {slash, rElec rC+ Str+4, unknown}
   (You found it on level 4 of the Dungeon)

   It inflicts extra damage upon your enemies.
   It affects your strength (+4).
   It protects you from cold.
   It insulates you from electricity.
Missiles
 q - 6 javelins (quivered)
 v - 4 poisoned tomahawks
Armour
 b - a +0 robe (worn)
 r - a +0 shield
Jewellery
 f - a ring of ice (left hand)
 k - a ring of protection from cold (right hand)
Scrolls
 e - 3 scrolls of amnesia
 g - 2 scrolls of enchant weapon {unknown}
 o - a scroll of teleportation {unknown}
 p - 2 scrolls of random uselessness {unknown}
 s - a scroll of immolation {unknown}
 t - a scroll of remove curse {unknown}
 w - a scroll of enchant armour {unknown}
 x - a scroll of magic mapping {unknown}
Potions
 h - 4 potions of flight
 i - 3 potions of curing
 j - a potion of might
Books
 c - a book of Maledictions

   Spells                             Type                      Level
   a - Corona                         Hexes                        1
   b - Ensorcelled Hibernation        Hexes/Ice                    2
   c - Confuse                        Hexes                        3
   d - Tukima's Dance                 Hexes                        3
   e - Dazzling Spray                 Conjuration/Hexes            3
 l - a book of Air

   Spells                             Type                      Level
   a - Shock                          Conjuration/Air              1
   b - Swiftness                      Charms/Air                   2
   c - Static Discharge               Conjuration/Air              3
   d - Airstrike                      Air                          4
   e - Lightning Bolt                 Conjuration/Air              5
Comestibles
 d - 11 rations
 z - 3 chunks of flesh


   Skills:
 - Level 3.0 Short Blades
 - Level 2.1 Dodging
 * Level 7.3 Stealth
 - Level 3.0 Spellcasting
 - Level 3.1 Conjurations
 * Level 5.1 Hexes
 - Level 3.0 Ice Magic


You had 5 spell levels left.
You knew the following spells:

 Your Spells              Type           Power        Failure   Level  Hunger
b - Ensorcelled Hibernat  Hex/Ice        ###...       4%          2    ##.....
c - Confuse               Hex            ###.....     6%          3    ###....
g - Dazzling Spray        Conj/Hex       ###...       10%         3    ###....


Dungeon Overview and Level Annotations

Branches:
Dungeon (5/15)
 Temple: D:4-7

Altars:
Ashenzari
Zin

Shops:
D:4 :

Annotations:
D:5 Dowan, Grinder


Innate Abilities, Weirdness & Mutations

You have a beak for a mouth.
You have claws for feet.
You can fly.


Message History

You peck Dowan.
Dowan is lightly wounded.
Dowan hits you with a dagger of freezing.
* * * LOW HITPOINT WARNING * * *
Okay, then.
Unknown command.
Okay, then.
Unknown command.
You hit Dowan.
Dowan looks as sick as possible!
Dowan is lightly wounded.
Dowan hits you but does no damage.
You closely miss Dowan. You peck Dowan, but do no damage.
Dowan is lightly wounded.
Dowan gestures wildly while chanting.
Dowan blinks!
You closely miss Dowan. Your kick misses Dowan.
Dowan is moderately wounded.
Dowan gestures at you while chanting. The stone arrow hits you!
You die...

...........###...######..........
..........###.....## ###........
..........###......## ##.......
..........##........## ##.......
.......e..##.........####...#####
..........#............#...##
......#...#...............## ####
......#..................#####...
.....##........ยง@e......####.....
#....##.................###......
##...##..#############...##......
######.## ##....(..... ##.#
##......... #..# ##........ #.##
#..#..... ##.# ##.##.... #..#
#..#....


You could see Dowan.

Vanquished Creatures
  Sigmund (D:2)
  The ghost of ThereIsNoGod the Chiller, an amateur DrIE (D:3)
  Duvessa (D:5)
  An ice beast (D:5)
  An ogre (D:5)
  2 scorpions
  6 orc priests
  4 hounds (D:5)
  A jelly (D:5)
  A bullfrog skeleton (D:5)
  3 orc wizards
  2 iguanas (D:5)
  2 worker ants (D:4)
  Robin (D:2)
  A howler monkey skeleton (D:4)
  4 gnolls (D:5)
  5 adders
  An adder zombie (D:5)
  3 worms
  2 dart slugs
  2 leopard geckos (D:3)
  19 orcs
  A ball python (D:2)
  4 giant cockroaches
  13 goblins
  5 hobgoblins
  6 kobolds
  A quokka (D:4)
  5 bats
  A frilled lizard (D:2)
  6 rats
106 creatures vanquished.

Notes
Turn   | Place    | Note
-------+----------+-------------------------------------------
     0 | D:1      | mopl the Tengu Enchanter began the quest for the Orb.
     0 | D:1      | Reached XP level 1. HP: 10/10 MP: 4/4
   441 | D:1      | Reached XP level 2. HP: 11/15 MP: 3/6
   462 | D:1      | Learned a level 2 spell: Ensorcelled Hibernation
   843 | D:2      | Noticed a scorpion
   865 | D:2      | Killed a scorpion
   865 | D:2      | Reached XP level 3. HP: 15/19 MP: 4/7
   865 | D:2      | Reached XP level 4. HP: 19/24 MP: 4/8
   870 | D:2      | Learned a level 3 spell: Confuse
  1033 | D:2      | Reached skill level 1 in Ice Magic
  1087 | D:2      | Reached skill level 2 in Short Blades
  1094 | D:2      | Noticed Robin
  1112 | D:2      | Killed Robin
  1123 | D:2      | Reached skill level 4 in Stealth
  1169 | D:2      | Noticed Sigmund
  1568 | D:2      | Gained mutation: You can fly. [Tengu growth]
  1568 | D:2      | Reached XP level 5. HP: 26/28 MP: 9/9
  1839 | D:3      | Noticed ThereIsNoGod's ghost (amateur DrIE)
  2072 | D:2      | Killed Sigmund
  2072 | D:2      | Reached skill level 3 in Hexes
  2072 | D:2      | Reached XP level 6. HP: 12/32 MP: 2/11
  2425 | D:3      | Killed ThereIsNoGod's ghost
  2425 | D:3      | Reached skill level 5 in Stealth
  2425 | D:3      | Reached skill level 3 in Spellcasting
  2425 | D:3      | Reached skill level 2 in Ice Magic
  2542 | D:2      | Reached XP level 7. HP: 16/36 MP: 3/12
  3054 | D:3      | Reached skill level 3 in Short Blades
  3413 | D:4      | Found a shattered altar of Ashenzari.
  3521 | D:4      | Found Foejurao's Book Boutique.
  3832 | D:3      | Reached skill level 4 in Hexes
  4187 | D:4      | Got a twisted whip
  4338 | D:4      | Learned a level 3 spell: Dazzling Spray
  4382 | D:5      | Entered Level 5 of the Dungeon
  4732 | D:5      | Reached skill level 6 in Stealth
  4771 | D:5      | Reached skill level 1 in Conjurations
  4771 | D:5      | Reached skill level 3 in Ice Magic
  4771 | D:5      | Reached XP level 8. HP: 41/41 MP: 5/13
  5095 | D:5      | Reached skill level 2 in Conjurations
  5473 | D:5      | Found a glowing silver altar of Zin.
  5477 | D:5      | Noticed Grinder
  5515 | D:5      | Reached skill level 7 in Stealth
  5537 | D:5      | Noticed Duvessa
  5541 | D:5      | Noticed Dowan
  5586 | D:5      | Killed Duvessa
  5586 | D:5      | Reached skill level 3 in Conjurations
  5586 | D:5      | Reached skill level 5 in Hexes
  5593 | D:5      | Killed from afar by Dowan

Skill      XL: |  1  2  3  4  5  6  7  8 |
---------------+-------------------------+-----
Ice Magic      | 1 2 3 |  3.0
Short Blades   | 2 3 |  3.0
Stealth        | 4 5 6 7 |  7.3
Hexes          | 3 4 5 |  5.1
Spellcasting   | 3 |  3.0
Conjurations   | 1 3 |  3.1
Dodging        | |  2.1

Action                   |  1- 3 |  4- 6 |  7- 9 || total
-------------------------+-------+-------+-------++-------
Melee: Dagger            |    27 |   108 |   148 ||   283
       Kick              |     2 |    28 |    31 ||    61
       Peck              |       |    19 |    21 ||    40
 Cast: Corona            |     3 |       |       ||     3
       Ensorcelled Hiber |     3 |    12 |    38 ||    53
       Confuse           |       |     8 |     9 ||    17
  Use: Scroll            |       |       |     5 ||     5
       Potion            |       |       |     2 ||     2
 Stab: Sleeping          |     4 |     7 |    29 ||    40
       Confused          |       |     4 |     3 ||     7
       Distracted        |       |       |     1 ||     1
  Eat: Chunk             |       |     6 |    13 ||    19
Armor: Robe              |     7 |     9 |    12 ||    28
Dodge: Dodged            |    22 |    59 |    76 ||   157
